AoeStats
← hemsse01

Arena

506541424Analyzed
3v3 RM · 20d ago on Sep 14, 2026· 50m 15s· 6 players
Game mode
Random Map
Map size
Normal (6 player)
Population
200
Speed
Normal
Resources
Standard
Victory
Conquest
Starting age
Dark Age
Ending age
Imperial Age
RankedLock teamsTeams togetherTeam positionsShared explorationLock speedFull tech treeHidden civsTurbo modeCheats
Victory
Defeat
🇨🇱 Wu · Chile
1045
+12
🇨🇱 Maya · Chile
980
+15
🇨🇱 Italians · Chile
979
+15
🇺🇸 Poles · United States
961
-38
🇺🇸 Goths · United States
961
-38
🇺🇸 Huns · United States
961
-38
hemsch01
5:26 Loom
11:21 Feudal Age
16:47 Castle Age
15:02 Horse Collar
15:13 Double-Bit Axe
15:53 Gold Mining
17:01 Man-at-Arms
17:56 Scale Mail Armor
18:47 Forging
19:29 Long Swordsman
23:37 Bow Saw
23:52 Heavy Plow
24:42 Squires
25:59 Wheelbarrow
27:04 Hand Cart
26:37 Town Watch
27:33 Iron Casting
27:56 Chain Mail Armor
28:37 Town Patrol
28:35 Stone Mining
29:57 Ballistics
29:36 Murder Holes
32:46 Imperial Age
31:26 Fletching
32:23 Stone Shaft Mining
33:33 Two-Handed Swordsman
36:30 Champion
37:44 Anarchy
41:15 Perfusion
43:30 Coinage
44:37 Elite Huskarl
49:21 Blast Furnace
hemsse01
10:54 Feudal Age
13:04 Double-Bit Axe
17:36 Castle Age
17:13 Fletching
19:34 Padded Archer Armor
21:04 Loom
21:55 Wheelbarrow
21:47 Gold Mining
23:17 Horse Collar
28:10 Thumb Ring
30:52 Ballistics
31:01 Leather Archer Armor
30:52 Elite Skirmisher
49:29 Imperial Age
48:13 Bodkin Arrow
Nasakev
10:24 Feudal Age
11:05 Horse Collar
14:27 Bloodlines
16:39 Scale Barding Armor
17:58 Forging
22:21 Castle Age
23:11 Double-Bit Axe
23:29 Heavy Plow
23:57 Chain Barding Armor
23:01 Light Cavalry
23:42 Husbandry
28:01 Fletching
28:55 Szlachta Privileges
30:54 Bow Saw
38:00 Imperial Age
36:52 Wheelbarrow
36:07 Town Watch
38:18 Iron Casting
felipe2204
11:44 Feudal Age
10:43 Loom
13:58 Double-Bit Axe
14:57 Horse Collar
18:52 Castle Age
17:03 Gold Mining
17:08 Stone Mining
21:13 Bow Saw
23:07 Stone Shaft Mining
25:03 Treadmill Crane
30:17 Imperial Age
28:40 Wheelbarrow
28:02 Loom
28:46 Squires
28:34 Arson
28:55 Eagle Warrior
30:17 Forging
30:09 Scale Mail Armor
30:33 Hand Cart
31:50 Iron Casting
31:19 Elite Eagle Warrior
32:46 Town Watch
33:19 Chain Mail Armor
34:41 Holcans
33:54 Pikeman
36:02 Conscription
36:38 Halberdier
44:53 Town Patrol
47:00 Fletching
47:12 Padded Archer Armor
48:13 Bodkin Arrow
48:29 Elite Plumed Archer
49:28 Bracer
49:44 Leather Archer Armor
MatiassCJ
10:45 Feudal Age
9:02 Loom
14:28 Castle Age
13:20 Double-Bit Axe
15:32 Bow Saw
25:19 Fletching
27:07 Ballistics
28:52 Forging
32:22 Bodkin Arrow
34:05 Iron Casting
35:08 Padded Archer Armor
41:03 Imperial Age
43:13 Chemistry
49:47 Two-Man Saw
49:25 Pirotechnia
49:36 Conscription
AlpineXtrem
0:32 Loom
11:24 Feudal Age
15:37 Castle Age
13:41 Double-Bit Axe
14:53 Horse Collar
16:22 Wheelbarrow
17:23 Bow Saw
21:08 Gold Mining
21:09 Stone Mining
21:25 Heavy Plow
25:14 Treadmill Crane
25:25 Fletching
25:38 Padded Archer Armor
26:16 Hand Cart
28:24 Red Cliffs Tactics
28:56 Squires
31:56 Imperial Age
30:43 Gold Shaft Mining
30:43 Stone Shaft Mining
31:08 Bloodlines
30:59 Husbandry
31:31 Pikeman
31:57 Arson
33:08 Conscription
33:23 Halberdier
35:22 Elite Fire Archer
39:16 Chemistry
38:37 Ballistics
38:25 Bodkin Arrow
38:45 Leather Archer Armor
39:59 Stone Shaft Mining
40:41 Forging
40:32 Bracer
40:33 Scale Mail Armor
40:04 Heavy Hei Guang Cavalry
42:43 Sitting Tiger
46:53 Iron Casting
46:34 Chain Mail Armor
Connection lost

Rejoining the realm…

Still unreachable

The connection could not be restored.

Session expired

The server has moved on; the page needs a fresh start.